 Dungeon Crawl Stone Soup version 0.19-a0-1008-g4c63d25 (webtiles) character file.

29740 epen the Destroyer (level 13, 0/95 HPs)
             Began as a White Draconian Conjurer on July 23, 2016.
             Was a Priest of Vehumet.
             Slain by a river rat (6 damage)
             ... on level 3 of the Lair of Beasts.
             The game lasted 00:47:25 (19574 turns).

epen the Destroyer (White Draconian Conjurer)      Turns: 19574, Time: 00:47:26

Health: 0/95       AC: 16    Str: 11    XL:     13   Next: 16%
Magic:  14/27      EV: 16    Int: 20    God:    Vehumet [***...]
Gold:   1121       SH:  0    Dex: 12    Spells: 6 memorised, 15 levels left

rFire  + . .     SeeInvis .     P - +1 dagger (protect)
rCold  + + .     Gourm    .     (armour unavailable)
rNeg   . . .     Faith    .     (no shield)
rPois  .         Spirit   .     (helmet restricted)
rElec  .         Dismiss  .     A - +0 cloak
rCorr  .         Reflect  .     T - +1 pair of gloves
SustAt .         Harm     +     (no boots)
MR     .....     Rnd*Tele +     O - amulet of harm
Stlth  ++........               w - ring of protection from cold
                                g - ring of protection from fire

@: lethally poisoned (0 -> -3), not resistant to hostile enchantments,
unstealthy
A: breathe frost, unfitting armour, stinger 1, cold resistance 1, frail 1,
teleportitis 1, cold-blooded, AC +8
a: Breathe Frost, Renounce Religion


You were on level 3 of the Lair of Beasts.
You worshipped Vehumet.
Vehumet was most pleased with you.
You were not hungry.

You visited 3 branches of the dungeon, and saw 15 of its levels.

You collected 1121 gold pieces.

Inventory:

Hand Weapons
 e - a +1 dagger of protection
 h - a +1 dagger of draining
 n - a +0 short sword of venom
 o - a +3 dagger
 J - a +0 dagger of venom
 P - a +1 dagger of protection (weapon)
Missiles
 l - 2 throwing nets (quivered)
Armour
 A - a +0 cloak (worn)
 T - a +1 pair of gloves (worn)
 X - a +0 buckler
Jewellery
 g - a ring of protection from fire (left hand)
 q - an uncursed ring of sustain attributes
 w - a ring of protection from cold (right hand)
 D - an uncursed ring of resist corrosion
 O - an amulet of harm (around neck)
Wands
 s - a wand of confusion (23/48)
 u - a wand of acid (13/15)
 v - a wand of iceblast (9/15)
 x - a wand of slowing (26/48)
 y - a wand of disintegration (9/24)
 F - a wand of iceblast (7/15)
 G - a wand of paralysis (11/24)
 M - a wand of lightning (4/15)
 N - a wand of lightning (9/15)
 R - a wand of polymorph (18/24)
 S - a wand of polymorph (9/24)
Scrolls
 i - 5 scrolls of identify
 r - 3 scrolls of remove curse
 t - a scroll of teleportation
 z - a scroll of magic mapping
 B - 4 scrolls of recharging
 I - 2 scrolls of enchant weapon
Potions
 c - 6 potions of flight
 d - a potion of agility
 f - 3 potions of brilliance
 j - 2 potions of berserk rage
 k - 3 potions of curing
 m - 2 potions of invisibility
 p - a potion of lignification
 C - a potion of ambrosia
 V - a potion of magic
 Y - a potion of heal wounds
Books
 a - a book of Conjurations

   Spells                             Type                      Level
   a - Magic Dart                     Conjuration                  1
   b - Searing Ray                    Conjuration                  2
   c - Dazzling Spray                 Conjuration/Hexes            3
   d - Fulminant Prism                Conjuration/Hexes            4
   e - Iskenderun's Mystic Blast      Conjuration                  4
   f - Iskenderun's Battlesphere      Conjuration/Charms           5
 K - a book of Frost

   Spells                             Type                      Level
   a - Freeze                         Ice                          1
   b - Throw Frost                    Conjuration/Ice              2
   c - Ozocubu's Armour               Charms/Ice                   3
   d - Throw Icicle                   Conjuration/Ice              4
   e - Summon Ice Beast               Ice/Summoning                4
 L - a Young Poisoner's Handbook

   Spells                             Type                      Level
   a - Sting                          Conjuration/Poison           1
   b - Mephitic Cloud                 Conjuration/Poison/Air       3
   c - Olgreb's Toxic Radiance        Poison                       4
   d - Alistair's Intoxication        Transmutation/Poison         5
   e - Venom Bolt                     Conjuration/Poison           5
 Q - a book of Dreams

   Spells                             Type                      Level
   a - Ensorcelled Hibernation        Hexes/Ice                    2
   b - Silence                        Hexes/Air                    5
   c - Darkness                       Hexes                        6
   d - Shadow Creatures               Summoning                    6
 Z - a book of Cantrips

   Spells                             Type                      Level
   a - Confusing Touch                Hexes                        1
   b - Animate Skeleton               Necromancy                   1
   c - Summon Small Mammal            Summoning                    1
   d - Apportation                    Translocation                1
Comestibles
 b - 4 bread rations
 H - 3 beef jerkies
 U - a meat ration


   Skills:
 + Level 7.6 Fighting
 + Level 7.4 Short Blades
 + Level 7.3 Dodging
 - Level 1.7 Stealth
 + Level 0.4 Shields
 * Level 10.5 Spellcasting
 * Level 11.9 Conjurations
 + Level 7.2 Hexes
 + Level 5.3 Ice Magic


You had 15 spell levels left.
You knew the following spells:

 Your Spells              Type           Power        Failure   Level  Hunger
a - Magic Dart            Conj           ####         1%          1    None
c - Dazzling Spray        Conj/Hex       #####.       1%          3    None
d - Iskenderun's Mystic   Conj           ######..     1%          4    ##.....
e - Fulminant Prism       Conj/Hex       #####.....   1%          4    ##.....
f - Throw Frost           Conj/Ice       #####.       1%          2    None
g - Throw Icicle          Conj/Ice       #####...     1%          4    ##.....


Dungeon Overview and Level Annotations

Branches:
Dungeon (11/15)            Temple (1/1) D:5            Lair (3/6) D:11
  Swamp: Lair:2-4    Shoals: Lair:2-4     Snake: Lair:2-4    Spider: Lair:2-4
    Orc: D:9-12

Altars:
Ashenzari
Cheibriados
Dithmenos
Elyvilon
Fedhas
Gozag
Hepliaklqana
Kikubaaqudgha
Makhleb
Nemelex Xobeh
Okawaru
Pakellas
Qazlal
Ru
Sif Muna
Trog
Uskayaw
Vehumet
Xom
Yredelemnul
Zin
The Shining One

Shops:
D:7 (


Innate Abilities, Weirdness & Mutations

You can breathe waves of freezing cold.
You can buffet flying creatures when you breathe cold.
Your icy white scales are hard. (AC +8)
Your body does not fit into most forms of armour.
Your flesh is cold resistant. (rC+)
You are cold-blooded and may be slowed by cold attacks.
Your tail ends in a poisonous barb.
You are frail. (-10% HP)
You are occasionally teleported next to monsters.


Message History

Unknown command.
Unknown command.
Casting: Dazzling Spray
Confirm with . or Enter, or press ? or * to list all spells.
Aiming: Dazzling Spray
Press: ? - help, Shift-Dir - straight line, f - river rat
Aim: a river rat (moderately wounded)
The spray of energy hits the river rat.
The river rat is almost dead.
The river rat is dazzled.
The spray of energy hits the fungus.
The fungus is lightly damaged.
The river rat bites you but does no damage.
You strike the helpless river rat from behind!
You puncture the river rat!
You kill the river rat!
Vehumet accepts your kill.
You feel sick. The river rat bites you!
* * * LOW HITPOINT WARNING * * *
The river rat bites you.
You die... ...... ......##..... #..... ............ #..l. .><.......### .... #........#.# # ####.. #.........#.# .8.### #........... hrh.#

#P.......... Yh§8#
######r†.........
h...# ##
##.#P#.@.†>.......
...##
#...........†).......
.+#F
.#..##.........#.#.#.
.. .#
......##.#.####### #
.. .. ...#...##.## ..
..........'..## .
.....8...#...##
.......+....##
....##.......#


You could see a river rat.

Vanquished Creatures
  Harold (D:10)
  A centaur warrior (D:8)
  2 hydras
  A death knight (D:10)
  Nergalle (Lair:1)
  An unseen horror (D:10)
  4 hill giants
  2 manticores
  Joseph (D:10)
  2 black mambas
  A spiny frog (Lair:2)
  A gargoyle (D:6)
  2 trolls (D:11)
  2 blink frogs (Lair:3)
  A shadow (D:10)
  2 wyverns
  17 yaks
  3 basilisks
  2 hungry ghosts
  4 hippogriffs
  2 mottled dragons
  6 water moccasins
  A porcupine (Lair:1)
  2 orc warriors (D:8)
  A black bear (Lair:2)
  A necrophage (D:8)
  3 ice beasts
  4 sky beasts
  A phantom (D:7)
  11 wolves
  8 ogres
  8 centaurs
  7 crocodiles
  A big kobold (D:10)
  8 giant frogs
  A wyvern zombie (D:11)
  A wyvern skeleton (D:10)
  2 scorpions
  3 killer bees (D:8)
  6 howler monkeys
  8 crimson imps
  A giant frog zombie (D:5)
  A jelly (D:11)
  4 hounds
  8 orc priests
  3 centaur skeletons
  A gnoll shaman (D:6)
  5 giant frog skeletons
  4 iguanas
  Terence (D:3)
  13 orc wizards
  6 worker ants
  A killer bee zombie (D:9)
  A hound zombie (D:6)
  A worker ant zombie (D:9)
  5 gnolls
  17 river rats
  13 adders
  3 shadow imps
  2 oozes (D:2)
  An adder zombie (D:5)
  4 adder skeletons
  A worm (D:4)
  2 dart slugs
  3 giant geckos
  39 orcs
  A ball python (D:3)
  7 giant cockroaches
  8 hobgoblins
  19 jackals
  20 kobolds
  7 quokkas
  10 bats
  5 giant newts
  10 goblins
  A quokka zombie (D:7)
  10 rats
  A fulminant prism (Lair:3)
375 creatures vanquished.

Vanquished Creatures (others)
  A scorpion (D:9)
  112 fulminant prisms
  2 fungi
  6 plants (D:11)
121 creatures vanquished.

Grand Total: 496 creatures vanquished

Notes
Turn   | Place    | Note
-------+----------+-------------------------------------------
     0 | D:1      | epen the Draconian Conjurer began the quest for the Orb.
     0 | D:1      | Reached XP level 1. HP: 14/14 MP: 3/3
   291 | D:1      | Reached XP level 2. HP: 5/20 MP: 1/5
   294 | D:1      | HP: 1/20 [goblin (1)]
  1241 | D:1      | Reached XP level 3. HP: 27/27 MP: 6/6
  1437 | D:2      | Reached skill level 1 in Fighting
  1548 | D:2      | Reached XP level 4. HP: 25/35 MP: 6/8
  1743 | D:2      | Learned a level 2 spell: Searing Ray
  1747 | D:2      | Learned a level 3 spell: Dazzling Spray
  1887 | D:3      | Noticed Terence
  2472 | D:3      | Killed Terence
  2472 | D:3      | Reached skill level 5 in Conjurations
  2472 | D:3      | Reached XP level 5. HP: 24/40 MP: 1/9
  2576 | D:3      | Reached skill level 1 in Hexes
  3270 | D:4      | Found a glowing golden altar of the Shining One.
  3632 | D:4      | Noticed an ogre
  3658 | D:4      | Killed an ogre
  3658 | D:4      | Reached XP level 6. HP: 15/48 MP: 4/11
  3987 | D:4      | Found an oddly glowing altar of Pakellas.
  3988 | D:4      | Found a basalt altar of Yredelemnul.
  4305 | D:4      | Learned a level 4 spell: Iskenderun's Mystic Blast
  4320 | D:5      | Entered Level 5 of the Dungeon
  4639 | D:5      | Reached skill level 1 in Short Blades
  4718 | D:5      | Found a burning altar of Makhleb.
  5084 | D:5      | Your scales start taking on an icy white colour.
  5084 | D:5      | Reached XP level 7. HP: 52/56 MP: 8/12
  5084 | D:5      | Gained mutation: Your flesh is cold resistant. (rC+) [White Draconian growth]
  5160 | D:5      | Found a white marble altar of Elyvilon.
  5271 | D:5      | Found a staircase to the Ecumenical Temple.
  5305 | Temple   | Entered the Ecumenical Temple
  5639 | D:6      | Found a hide-covered altar of Uskayaw.
  5639 | D:6      | Noticed a dagger
  5640 | D:6      | Noticed a hand axe
  5655 | D:6      | Found a bloodstained altar of Trog.
  5782 | D:6      | Reached skill level 6 in Conjurations
  5907 | D:6      | Found a shattered altar of Ashenzari.
  6635 | D:6      | Learned a level 4 spell: Fulminant Prism
  6638 | D:6      | Noticed a gargoyle
  6670 | D:6      | Reached XP level 8. HP: 19/63 MP: 0/14
  7283 | D:6      | Killed a gargoyle
  7283 | D:6      | Reached skill level 5 in Spellcasting
  7283 | D:6      | Reached skill level 7 in Conjurations
  8370 | D:7      | Reached XP level 9. HP: 58/72 MP: 5/17
  8373 | D:7      | Found Wual Oto's Weapon Emporium.
  9043 | D:8      | Noticed a centaur warrior
  9078 | D:8      | Killed a centaur warrior
  9078 | D:8      | Reached skill level 8 in Conjurations
  9549 | D:8      | Reached skill level 5 in Fighting
  9550 | D:8      | Paralysed by fainting for 9 turns
 10082 | D:8      | Found a radiant altar of Vehumet.
 10091 | D:8      | Found a sacrificial altar of Ru.
 10127 | D:8      | Found a deep blue altar of Sif Muna.
 10129 | D:8      | Became a worshipper of Vehumet
 10157 | D:8      | Reached skill level 5 in Dodging
 10370 | D:8      | Reached XP level 10. HP: 80/81 MP: 20/20
 10516 | D:9      | Noticed a hill giant
 11342 | D:9      | Noticed a manticore
 11832 | D:9      | Reached skill level 9 in Conjurations
 11839 | D:9      | Killed a hill giant
 11839 | D:9      | Reached * piety under Vehumet
 11839 | D:9      | Offered knowledge of Freeze by Vehumet.
 11839 | D:9      | Killed a manticore
 11839 | D:9      | Reached skill level 5 in Short Blades
 11839 | D:9      | Reached skill level 5 in Hexes
 12200 | D:10     | Entered Level 10 of the Dungeon
 12208 | D:10     | Noticed Harold
 12221 | D:10     | Noticed a hill giant
 12235 | D:10     | HP: 1/83 [Harold/bolt of fire (18)]
 12768 | D:9      | Killed a hill giant
 13014 | D:10     | Killed Harold
 13014 | D:10     | Reached XP level 11. HP: 54/91 MP: 5/23
 13120 | D:10     | Killed an unseen horror
 13129 | D:10     | Reached skill level 10 in Conjurations
 13129 | D:10     | Reached XP level 12. HP: 29/97 MP: 5/25
 13681 | D:10     | Noticed Joseph
 13697 | D:10     | Killed Joseph
 13828 | D:10     | Noticed a death knight
 14279 | D:10     | Offered knowledge of Throw Frost by Vehumet.
 14284 | D:10     | Reached ** piety under Vehumet
 14292 | D:10     | Reached skill level 11 in Conjurations
 14691 | D:10     | Got an ichor-stained ring mail
 14961 | D:10     | Gained mutation: Scrolls take you a little longer to read. [mutagenic meat]
 15168 | D:10     | Killed a death knight
 15669 | D:11     | Learned a level 2 spell: Throw Frost
 15678 | D:11     | Learned a level 4 spell: Throw Icicle
 16088 | D:11     | Noticed a four-headed hydra
 16098 | D:11     | Killed a four-headed hydra
 16151 | D:11     | Gained mutation: You are occasionally teleported next to monsters. [mutagenic meat]
 16154 | D:11     | Gained mutation: You are frail. (-10% HP) [mutagenic meat]
 16157 | D:11     | Lost mutation: Scrolls take you a little longer to read. [mutagenic meat]
 16160 | D:11     | Gained mutation: Your tail ends in a poisonous barb. [mutagenic meat]
 16265 | D:11     | Reached skill level 10 in Spellcasting
 16445 | D:11     | Offered knowledge of Throw Flame by Vehumet.
 16782 | D:11     | Found a staircase to the Lair.
 17101 | Lair:1   | Entered Level 1 of the Lair of Beasts
 17101 | Lair:1   | Noticed Nergalle
 17109 | Lair:1   | Killed Nergalle
 17744 | Lair:1   | Reached *** piety under Vehumet
 18267 | Lair:2   | Reached skill level 5 in Ice Magic
 18286 | Lair:2   | Reached XP level 13. HP: 84/94 MP: 6/27
 18387 | Lair:2   | Offered knowledge of Static Discharge by Vehumet.
 19574 | Lair:3   | Slain by a river rat

Vault maps used:
D:1:      dpeg_arrival_water_fire, hangedman_decor_push, minmay_tromino_mix6
D:2:      minmay_distorted
D:3:      uniq_terence
D:4:      kennysheep_little_box, gammafunk_temple_overflow_statue, first_bread
D:5:      elyvilon_altar_3, makhleb_grotto_becter
D:6:      kennysheep_windowed_halls, lemuel_crystal_altar,
          nicolae_ashenzari_panopticon, dancing_weapons_uskayaw
D:7:      serial_shops, shop
D:8:      nicolae_overflow_hidden_temple
D:10:     uniq_harold, uniq_joseph
D:11:     dpeg_oklobed_lair, minivault_25_ag
Temple:   minmay_freezing_vapour_temple
Lair:1:   uniq_nergalle
Lair:2:   grunt_megastairs_4, serial_bayou_shore_b
Lair:3:   elwin_shoals_entry_stream, grunt_megastairs_1

Skill      XL: |  1  2  3  4  5  6  7  8  9 10 11 12 |
---------------+-------------------------------------+-----
Dodging        | 2 3 4 5 6 7 |  7.3
Fighting       | 1 2 3 4 5 6 7 |  7.6
Spellcasting   | 3 4 5 7 8 9 10 | 10.5
Conjurations   | 5 6 7 8 9 10 11 | 11.9
Hexes          | 1 2 3 4 5 6 7 |  7.2
Short Blades   | 1 2 3 4 5 6 7 |  7.4
Ice Magic      | 3 5 |  5.3
Stealth        | |  1.7
Shields        | |  0.4

Action                   |  1- 3 |  4- 6 |  7- 9 | 10-12 | 13-15 || total
-------------------------+-------+-------+-------+-------+-------++-------
Melee: Unarmed           |    43 |       |       |       |       ||    43
       Tailslap          |    15 |    49 |    51 |    83 |    10 ||   208
       Dagger            |   124 |   489 |   501 |   580 |    71 ||  1765
 Cast: Magic Dart        |    24 |    50 |    39 |    18 |       ||   131
       Dazzling Spray    |       |    11 |    57 |   114 |    22 ||   204
       Searing Ray       |       |    13 |     2 |       |       ||    15
       Fulminant Prism   |       |       |    25 |    76 |    12 ||   113
       Iskenderun's Myst |       |       |       |     5 |       ||     5
       Throw Icicle      |       |       |       |     5 |       ||     5
       Throw Frost       |       |       |       |     1 |       ||     1
 Abil: Breathe Frost     |       |       |    11 |     7 |       ||    18
Evoke: Wand              |       |       |     1 |       |       ||     1
  Use: Scroll            |       |    10 |    10 |     3 |     4 ||    27
       Potion            |       |       |     2 |     3 |       ||     5
 Stab: Sleeping          |     2 |     3 |       |       |       ||     5
       Invisible         |       |     6 |    12 |    34 |     9 ||    61
       Distracted        |       |       |     1 |     1 |       ||     2
  Eat: Chunk             |     3 |    11 |    13 |    27 |     2 ||    56
       Royal jelly       |       |     1 |       |     1 |       ||     2
       Beef jerky        |       |       |     4 |       |       ||     4
       Bread ration      |       |       |     2 |     1 |       ||     3
       Meat ration       |       |       |       |     1 |     1 ||     2
Armor: Skin              |    72 |   212 |   199 |   190 |    45 ||   718
Dodge: Dodged            |   112 |   383 |   361 |   427 |   121 ||  1404
